AoeStats
← yvetteabernathydam

Fortress

510855908Analyzed
1v1 RM · 20h ago on Oct 2, 2026· 33m 56s· 2 players
Game mode
Random Map
Map size
Small (3 player)
Population
200
Speed
Normal
Resources
Standard
Victory
Conquest
Starting age
Dark Age
Ending age
Imperial Age
RankedLock teamsTeams togetherTeam positionsShared explorationLock speedFull tech treeHidden civsTurbo modeCheats
Victory
Defeat
🇨🇳 Byzantines · China
1094
+40
🇺🇸 Armenians · United States
1051
-14
hgperez86
6:47 Feudal Age
5:03 Loom
7:46 Double-Bit Axe
9:15 Horse Collar
14:21 Castle Age
12:54 Scale Mail Armor
12:32 Man-at-Arms
13:16 Gold Mining
13:35 Long Swordsman
14:29 Arson
14:19 Pikeman
15:30 Forging
16:13 Squires
15:59 Gambesons
18:06 Chain Mail Armor
20:08 Two-Handed Swordsman
20:58 Town Watch
21:29 Heavy Plow
23:03 Devotion
25:24 Iron Casting
30:01 Imperial Age
29:28 Wheelbarrow
29:27 Town Patrol
29:38 Crossbowman
30:13 Halberdier
32:48 Hand Cart
32:26 Arbalester
33:42 Fletching
yvetteabernathydam
7:33 Feudal Age
11:36 Castle Age
9:24 Double-Bit Axe
9:22 Horse Collar
13:17 Bow Saw
14:47 Heavy Plow
16:10 Wheelbarrow
18:29 Loom
19:04 Hand Cart
19:46 Gold Mining
19:47 Stone Mining
22:56 Fervor
23:41 Gold Shaft Mining
23:41 Stone Shaft Mining
25:46 Imperial Age
23:25 Husbandry
24:00 Forging
25:05 Scale Mail Armor
25:12 Scale Barding Armor
26:06 Heavy Camel Rider
27:50 Two-Man Saw
27:18 Conscription
28:28 Chain Barding Armor
28:45 Iron Casting
27:43 Elite Skirmisher
29:16 Crop Rotation
28:29 Elite Cataphract
30:58 Plate Barding Armor
30:42 Logistica
32:40 Treadmill Crane
33:20 Ballistics
32:56 Murder Holes
33:12 Fortified Wall
34:37 Hoardings
Connection lost

Rejoining the realm…

Still unreachable

The connection could not be restored.

Session expired

The server has moved on; the page needs a fresh start.